 Dungeon Crawl Stone Soup version 0.19-a0-678-ge7aab0b (webtiles) character file.

524 Jojapa the Chopper (level 7, 49/61 HPs)
             Began as a Minotaur Berserker on June 16, 2016.
             Was a Priest of Trog.
             Quit the game on level 4 of the Dungeon.
             The game lasted 00:05:05 (3500 turns).

Jojapa the Chopper (Minotaur Berserker)             Turns: 3500, Time: 00:05:06

Health: 49/61      AC:  3    Str: 22    XL:     7   Next: 2%
Magic:  6/6        EV: 13    Int:  4    God:    Trog [***...]
Gold:   171        SH:  0    Dex: 11    Spells: 0 memorised, 6 levels left

rFire  . . .     SeeInvis .     a - +0 hand axe
rCold  . . .     Gourm    .     b - +0 animal skin
rNeg   . . .     Faith    .     (no shield)
rPois  .         Spirit   .     (helmet restricted)
rElec  .         Dismiss  .     (no cloak)
rCorr  .         Reflect  .     (no gloves)
SustAt .         Harm     .     t - +0 pair of boots
MR     .....                    g - amulet of inaccuracy (curse)
Stlth  +.........               (no ring)
                                (no ring)

@: not resistant to hostile enchantments, very unstealthy
A: retaliatory headbutt, horns 2
a: Berserk, Trog's Hand, Burn Spellbooks, Renounce Religion


You were on level 4 of the Dungeon.
You worshipped Trog.
Trog was most pleased with you.
You were not hungry.

You visited 1 branch of the dungeon, and saw 4 of its levels.

You collected 171 gold pieces.

Inventory:

Hand Weapons
 a - a +0 hand axe (weapon)
Armour
 b - a +0 animal skin (worn)
 t - a +0 pair of boots (worn)
Rods
 m - a +0 lightning rod (12/12)
   (You found it on level 2 of the Dungeon)
Jewellery
 g - a cursed amulet of inaccuracy (around neck)
Scrolls
 e - a scroll of amnesia {unknown}
 f - 3 scrolls of identify {unknown}
 i - a scroll of immolation {unknown}
 j - a scroll of fear {unknown}
 l - 2 scrolls of teleportation {unknown}
 u - 2 scrolls of remove curse {unknown}
Potions
 d - 2 potions of resistance {unknown}
 k - 2 potions of heal wounds {unknown}
 n - a potion of magic {unknown}
 o - a potion of haste {unknown}
 p - a potion of might {unknown}
 q - a potion of cancellation {unknown}
 s - 2 potions of degeneration {unknown}
 v - a potion of lignification {unknown}
 x - a potion of cure mutation {unknown}
Comestibles
 h - 2 meat rations


   Skills:
 + Level 5.6 Fighting
 * Level 6.9 Axes
 + Level 5.0 Armour
 - Level 3.0 Dodging


You had 6 spell levels left.
You didn't know any spells.

Dungeon Overview and Level Annotations

Branches:
Dungeon (4/15)
 Temple: D:4-7

Altars:
Qazlal


Innate Abilities, Weirdness & Mutations

You reflexively headbutt those who attack you in melee.
You have a pair of horns on your head.


Message History

You are starving!
The orc shouts!
You are too hungry to fight recklessly!
You are too hungry to fight recklessly!
Eat which item? (? for menu, Esc to quit)
You continue eating. x2
You finish eating.
That bread ration really hit the spot!
You hit the orc but do no damage. The orc misses you.
You hit the orc but do no damage. The orc hits you with a short sword.
You slash the orc!
You kill the orc!
Trog accepts your kill.
You now have 171 gold pieces (gained 14).
Things that are here:
a short sword; a ring mail Welcome back, Jojapa the Minotaur Berserker.
Trog says: Kill them all!
Press ? for a list of commands and other information.
Unknown command.
Are you sure you want to abandon this character and quit the game? (Confirm with "yes".)

##....##......###
#.............).#
#...............#
#...............#
###...###...##.## #
#######...#########.#
.....#...............
.....'...............
.....#...)@...........
#....##.#####'#####...
#... #.####....###...
... ..#.............
... ...#.............
....#.............
##...###..)####.##.
#...###...#######
................


There were no monsters in sight!

Vanquished Creatures
  The ghost of Bigslacks the Spear-Bearer, an amateur MfGl (D:4)
  A phantom (D:4)
  The ghost of Mordru the Cutter, an amateur HaWr (D:3)
  An orc wizard (D:3)
  A worker ant (D:4)
  A hound skeleton (D:3)
  3 adders
  An ooze (D:3)
  4 worms
  A dart slug (D:1)
  2 giant geckos (D:3)
  6 orcs
  4 giant cockroaches
  6 goblins
  3 hobgoblins
  6 jackals (D:3)
  2 quokkas
  9 bats
  A giant newt (D:2)
  8 kobolds
  6 rats
68 creatures vanquished.

Notes
Turn   | Place    | Note
--------------------------------------------------------------
     0 | D:1      | Jojapa the Minotaur Berserker began the quest for the Orb.
     0 | D:1      | Reached XP level 1. HP: 19/19 MP: 0/0
   204 | D:1      | Reached XP level 2. HP: 12/27 MP: 1/1
   914 | D:1      | Reached XP level 3. HP: 32/33 MP: 2/2
  1018 | D:2      | Reached ** piety under Trog
  1162 | D:2      | Reached skill level 4 in Axes
  1889 | D:2      | Reached XP level 4. HP: 40/40 MP: 3/3
  2362 | D:3      | Found a stormy altar of Qazlal.
  2610 | D:3      | Reached skill level 5 in Axes
  2616 | D:3      | Reached *** piety under Trog
  2755 | D:3      | Reached XP level 5. HP: 47/47 MP: 4/4
  2872 | D:3      | Noticed Mordru's ghost (amateur HaWr)
  2884 | D:3      | Killed Mordru's ghost
  3146 | D:4      | Noticed a phantom
  3160 | D:4      | HP: 2/70 [phantom (10)]
  3165 | D:4      | HP: 1/70 [poisoned by a worker ant]
  3166 | D:4      | Killed a phantom
  3166 | D:4      | Reached skill level 5 in Fighting
  3166 | D:4      | Reached skill level 6 in Axes
  3166 | D:4      | Reached XP level 6. HP: 1/56 MP: 5/5
  3171 | D:4      | HP: 2/56 [poisoned by a worker ant]
  3388 | D:4      | Noticed Bigslacks's ghost (amateur MfGl)
  3407 | D:4      | Killed Bigslacks's ghost
  3407 | D:4      | Reached skill level 5 in Armour
  3407 | D:4      | Reached XP level 7. HP: 46/61 MP: 6/6
  3500 | D:4      | Quit the game

Vault maps used:
D:1:      minmay_arrival_radiant_lines
D:2:      bh_walls_and_bars
D:3:      grunt_qazlal_clouds
D:4:      first_bread, amethyst_killhole, uniq_grinder

Skill      XL: |  1  2  3  4  5  6 |
---------------+-------------------+-----
Fighting       | 4 5 |  5.6
Armour         | 3 4 5 |  5.0
Axes           | 4 5 6 |  6.9
Dodging        | 3 |  3.0

Action                   |  1- 3 |  4- 6 |  7- 9 || total
-------------------------+-------+-------+-------++-------
Melee: Hand axe          |    75 |    91 |     3 ||   169
       Headbutt          |     9 |    11 |       ||    20
Invok: Berserk           |       |     3 |       ||     3
       Trog's Hand       |       |     1 |       ||     1
  Eat: Chunk             |     3 |     5 |       ||     8
       Pizza             |       |     1 |       ||     1
       Bread ration      |       |       |     1 ||     1
Armor: Animal skin       |    14 |    19 |       ||    33
Dodge: Dodged            |    55 |    58 |     1 ||   114
